 Dungeon Crawl Stone Soup version 0.30.1-4-g462c640d31 (webtiles) character file.

Game seed: 15050386170539231912

1558 Heoruswealwe the Thaumaturge (level 8, -2/41 HPs)
             Began as a Deep Elf Conjurer on Aug 22, 2023.
             Was an Initiate of Vehumet.
             Slain by a two-headed ogre
             ... wielding the +7 great mace of Righteous Anger {freeze, Will+}
              (7 damage)
             ... on level 6 of the Dungeon.
             The game lasted 00:47:40 (5492 turns).

Heoruswealwe the Thaumaturge (Deep Elf Conjurer)    Turns: 5492, Time: 00:47:45

Health: -2/41      AC:  7    Str:  4    XL:     8   Next: 58%
Magic:  24/24      EV: 12    Int: 26    God:    Vehumet [......]
Gold:   194        SH:  5    Dex: 13    Spells: 4/27 levels left

rFire   + . .        b - +0 long sword
rCold   . . .        (no shield)
rNeg    + . .        c - +2 robe {rN+}
rPois   .            g - +0 helmet
rElec   .            h - +0 cloak
rCorr   .            f - +0 pair of gloves
SInv    .            (no boots)
Will    .....        i - amulet "Athear" {Reflect rF+ SH+5}
Stlth   ++           (no ring)
HPRegen 0.26/turn    (no ring)
MPRegen 0.19/turn

%: reflection
@: no status effects
A: no striking features
a: Renounce Religion


You were on level 6 of the Dungeon.
You worshipped Vehumet.
Vehumet was noncommittal.
You visited 2 branches of the dungeon, and saw 7 of its levels.

You collected 391 gold pieces.
You spent 197 gold pieces at shops.

Inventory:

Hand Weapons
 b - a +0 long sword (weapon)
 y - a +3 battleaxe
Armour
 c - a +2 robe of positive energy (worn)
 f - a +0 pair of gloves (worn)
 g - a +0 helmet (worn)
 h - a +0 cloak (worn)
Jewellery
 i - the amulet "Athear" (around neck) {Reflect rF+ SH+5}
   (You bought it in a shop on level 5 of the Dungeon)

   [amulet of reflection]

   It reflects blocked missile attacks.
   rF:        It protects you from fire.
   SH:        It affects your SH (+5).
Wands
 x - a wand of flame (35)
 z - a wand of polymorph (10)
 I - a wand of quicksilver (5)
Scrolls
 j - a scroll of vulnerability {unknown}
 k - 2 scrolls of enchant armour {unknown}
 l - 3 scrolls of poison {unknown}
 o - 2 scrolls of noise {unknown}
 r - 3 scrolls of identify {unknown}
 s - a scroll of silence {unknown}
 t - a scroll of immolation {unknown}
 v - a scroll of blinking {unknown}
 B - a scroll of fog {unknown}
 F - 2 scrolls of teleportation {unknown}
 G - 2 scrolls of acquirement {unknown}
 H - a scroll of summoning {unknown}
Potions
 a - 2 potions of mutation {unknown}
 d - 2 potions of degeneration {unknown}
 e - a potion of attraction {unknown}
 m - a potion of berserk rage {unknown}
 p - a potion of heal wounds {unknown}
 q - a potion of lignification {unknown}
 u - a potion of might {unknown}
 w - a potion of resistance {unknown}
 A - 2 potions of flight {unknown}
 C - a potion of haste {unknown}
 D - 3 potions of curing {unknown}
 E - 2 potions of brilliance {unknown}


   Skills:
 - Level 2.4 Dodging
 - Level 2.4 Stealth
 + Level 10.4 Spellcasting
 + Level 9.5 Conjurations


You had 4 spell levels left.
You knew the following spells:

 Your Spells              Type           Power      Damage    Failure   Level
a - Magic Dart            Conj           100%       1d8       1%          1
b - Kiss of Death         Conj/Necr      100%       2d13      1%          1
c - Searing Ray           Conj           100%       2d8       1%          2
d - Dazzling Flash        Conj/Hex       76%        N/A       1%          3
e - Flame Wave            Conj/Fire      38%        2d10      6%          4
f - Fulminant Prism       Conj/Hex       19%        3d10      6%          4
g - Iskenderun's Mystic   Conj/Tloc      38%        2d9       6%          4
h - Sticky Flame          Conj/Fire      38%        2d6       6%          4

Your spell library contained the following spells:

 Spells                   Type           Power      Damage    Failure   Level
 Confusing Touch          Hex            13%        N/A       13%         3
 Inner Flame              Hex/Fire       13%        N/A       13%         3
 Dispel Undead            Necr           13%        3d9       41%         4


Dungeon Overview and Level Annotations

Branches:
Dungeon (6/15)             Temple (1/1) D:6

Altars:
Ashenzari
Cheibriados
Dithmenos
Fedhas
Gozag
Hepliaklqana
Makhleb
Nemelex Xobeh
Okawaru
Qazlal
Ru
Sif Muna
Uskayaw
Vehumet
Wu Jian
Xom
Yredelemnul
Zin
The Shining One

Shops:
D:1 [   D:3 !   D:5 *   D:6 *

Annotations:
D:6 1 transporter, destino's ghost, novice OpFE


Message History

You erupt in a blast of force!
The mystic blast hits the ogre!
The ogre is severely wounded.
The mystic blast hits the ogre!
The ogre is severely wounded.
The ogre is knocked back by the mystic blast.
The ogre collides with the ogre!
The ogre is almost dead.
You kill the ogre!
Vehumet accepts your kill.
The mystic blast hits the two-headed ogre.
The two-headed ogre is moderately wounded.
The two-headed ogre is knocked back by the mystic blast.
Casting: Iskenderun's Mystic Blast (quite dangerous; 6% risk of failure)
Confirm with . or Enter, or press ? or * to list all spells.
The spell is quite dangerous to miscast (6% risk of failure)!
Continue anyway?
You erupt in a blast of force!
The mystic blast hits the ogre.
You kill the ogre!
Vehumet accepts your kill.
Casting: Iskenderun's Mystic Blast (quite dangerous; 6% risk of failure)
Confirm with . or Enter, or press ? or * to list all spells.
The spell is quite dangerous to miscast (6% risk of failure)!
Continue anyway?
You erupt in a blast of force!
The mystic blast hits the two-headed ogre!
The two-headed ogre is heavily wounded.
The mystic blast hits destino's ghost!
Destino's ghost is lightly damaged.
Destino's ghost is knocked back by the mystic blast.
Casting: Iskenderun's Mystic Blast (quite dangerous; 6% risk of failure)
Confirm with . or Enter, or press ? or * to list all spells.
The spell is quite dangerous to miscast (6% risk of failure)!
Continue anyway?
You erupt in a blast of force!
The mystic blast hits the two-headed ogre.
The two-headed ogre is severely wounded.
The two-headed ogre is knocked back by the mystic blast.
Magic courses through your body.
The two-headed ogre hits you with the +7 great mace of Righteous Anger {freeze, Will+}!!
Ouch! That really hurt!
* * * LOW HITPOINT WARNING * * *
The two-headed ogre freezes you!
You die...

.....#.#.#.### #..............##
#.......#...(# #.#######.......#
###.......######### #.#####.#
###......)#......# #.#####.#
..........#..##..# #........
###.......#.#..#.# #..######
###.......#.#..#.# #..##
.........©#?.##..# #...# ##
#######...#$...W@#########..####.
##.©#..##O.#...............
#..#.#..#.##...####..#####
#..#W#..#.#.....# #..# #
#..#..##.?##...## #..# #
#..#©.....###.#####..# #
#..######## #........#
##########.# #<# ###.######
....))))...# #.# #.#


You could see a two-headed ogre and destino's ghost.

Vanquished Creatures
  Grinder (D:6)
  2 ice beasts
  A centaur (D:6)
  2 ogres (D:6)
  2 scorpions
  A bullfrog (D:6)
  3 wights (D:4)
  A howler monkey (D:5)
  2 hounds
  2 orc priests (D:6)
  A sleepcap (D:5)
  2 jellies
  3 iguanas
  2 orc wizards (D:6)
  4 gnolls (D:3)
  5 adders
  A shadow imp (D:6)
  4 ufetubi
  A worm (D:2)
  4 dart slugs
  9 orcs
  14 bats
  4 endoplasms
  4 giant cockroaches
  10 goblins
  7 hobgoblins
  3 jackals (D:1)
  11 kobolds
  3 quokkas
  8 ball pythons
  7 frilled lizards
  6 rats
130 creatures vanquished.

Notes
Turn   | Place    | Note
-------+----------+-------------------------------------------
     0 | D:1      | Heoruswealwe the Deep Elf Conjurer began the quest for the
                  | Orb.
     0 | D:1      | Reached XP level 1. HP: 10/10 MP: 6/6
   112 | D:1      | Reached XP level 2. HP: 7/15 MP: 0/8
   117 | D:1      | Learned a level 2 spell: Searing Ray
   243 | D:1      | Found Koaclud's Armour Shop.
   485 | D:1      | Reached skill level 4 in Spellcasting
   576 | D:1      | Reached skill level 5 in Conjurations
   576 | D:1      | Reached XP level 3. HP: 19/19 MP: 7/10
   593 | D:1      | Learned a level 3 spell: Dazzling Flash
  1198 | D:1      | Found Koaclud's Armour Shop.
  1688 | D:2      | Reached XP level 4. HP: 24/24 MP: 2/12
  1694 | D:2      | Learned a level 4 spell: Flame Wave
  2569 | D:3      | Learned a level 1 spell: Kiss of Death
  2585 | D:3      | Reached skill level 5 in Spellcasting
  2718 | D:3      | Found Buret's Distillery.
  2905 | D:2      | You fall into a shaft and drop 1 floor!
  2996 | D:3      | Reached XP level 5. HP: 28/28 MP: 6/14
  3015 | D:3      | Identified the +1 ring mail of Gravity {Harm rN+ Str+3}
  3167 | D:4      | Learned a level 4 spell: Fulminant Prism
  3207 | D:4      | Reached skill level 6 in Spellcasting
  3208 | D:4      | Reached XP level 6. HP: 32/32 MP: 6/17
  3323 | D:4      | Found an iron altar of Okawaru.
  3325 | D:4      | Found a snail-covered altar of Cheibriados.
  3334 | D:4      | Found a broken altar of Ashenzari.
  3336 | D:4      | Found an ornate altar of the Wu Jian Council.
  3454 | D:4      | Found a glowing silver altar of Zin.
  3777 | D:4      | Reached skill level 7 in Spellcasting
  3863 | D:5      | Entered Level 5 of the Dungeon
  3934 | D:5      | Learned a level 4 spell: Iskenderun's Mystic Blast
  4106 | D:5      | Noticed an ice beast
  4109 | D:5      | Killed an ice beast
  4110 | D:5      | Reached XP level 7. HP: 36/36 MP: 14/20
  4131 | D:5      | Found a transporter.
  4133 | D:5      | Found Reecron's Assorted Antiques.
  4190 | D:5      | Reached skill level 8 in Spellcasting
  4190 | D:5      | Found a transporter.
  4197 | D:5      | Bought a metallic black potion for 22 gold pieces
  4197 | D:5      | Bought a brightly glowing pewter amulet for 125 gold pieces
  4197 | D:5      | Identified the amulet "Athear" {Reflect rF+ SH+5} (You
                  | bought it in a shop on level 5 of the Dungeon)
  4197 | D:5      | Bought a scroll labelled ONTEWA KOEQIU for 25 gold pieces
  4197 | D:5      | Bought a scroll labelled SOUCYUF ZITI for 25 gold pieces
  4455 | D:6      | Noticed Grinder
  4463 | D:6      | Killed Grinder
  4473 | D:6      | Reached skill level 9 in Spellcasting
  4575 | D:6      | Reached XP level 8. HP: 32/41 MP: 15/23
  4636 | D:6      | Found a staircase to the Ecumenical Temple.
  4698 | Temple   | Entered the Ecumenical Temple
  4717 | Temple   | Became a worshipper of Vehumet
  5231 | D:6      | Learned a level 4 spell: Sticky Flame
  5250 | D:6      | Noticed destino's ghost (novice OpFE)
  5255 | D:6      | Reached skill level 10 in Spellcasting
  5312 | D:6      | Identified the +7 great mace of Righteous Anger {freeze,
                  | Will+}
  5312 | D:6      | Noticed a two-headed ogre
  5388 | D:6      | Found a transporter.
  5399 | D:6      | Found a transporter.
  5418 | D:6      | Found Cocrukke's Gadget Gallery.
  5492 | D:6      | Slain by a two-headed ogre

Illustrated notes

Levels and vault maps discovered:
D:1:      lightli_arrival_flooded_house, layout_basic, serial_shops,
          nicolae_shop_getting_attention, st_stairs_6, minmay_surrounded
D:2:      layout_loops_cross, st_stairs_11, corexii_hall_statues_x,
          minmay_cupped
D:3:      layout_basic, serial_shops, nicolae_shop_rolling_square
D:4:      layout_loops_ring, minitemple, zin_statuary, wad_floor_pattern_2
D:5:      layout_gridville, serial_shops, nicolae_shop_drivethru
D:6:      layout_loops_ring, temple_pool_b, gammafunk_ghost_smash,
          nicolae_shop_gadgets, uniq_grinder
Temple:   nicolae_temple_superstar

Skill      XL: |  1  2  3  4  5  6  7  8 |
---------------+-------------------------+-----
Spellcasting   | 4 5 6 7 9 10 | 10.4
Conjurations   | 5 6 7 8 9 |  9.5
Dodging        | |  2.4
Stealth        | |  2.4

Action                     |  1- 3 |  4- 6 |  7- 9 || total
---------------------------+-------+-------+-------++-------
  Melee: Unarmed           |    15 |       |       ||    15
         Punch             |     1 |       |       ||     1
         Long sword        |     9 |     2 |     1 ||    12
   Cast: Magic Dart        |    76 |   112 |    18 ||   206
         Searing Ray       |       |     7 |    17 ||    24
         Iskenderun's Myst |       |       |     6 ||     6
    Use: Potion            |       |       |     1 ||     1
 Armour: Robe              |     5 |     7 |     7 ||    19
  Dodge: Dodged            |    17 |    16 |    15 ||    48
  Block: Other             |       |       |     5 ||     5
